 Dungeon Crawl Stone Soup version 0.27.1-34-g3ba077fa99 (webtiles) character file.

Game seed: 17509010715236817924

92 hashsling the Bolt Thrower (level 4, 0/26 HPs)
             Began as a Kobold Hunter on Jan 9, 2022.
             Was a Believer of Dithmenos.
             Slain by Robin (18 damage)
             ... on level 2 of the Dungeon.
             The game lasted 00:09:19 (2919 turns).

hashsling the Bolt Thrower (Kobold Hunter)          Turns: 2919, Time: 00:09:20

Health: 0/26       AC: 11    Str:  9    XL:     4   Next: 90%
Magic:  4/4        EV: 14    Int: 12    God:    Dithmenos [**....]
Gold:   111        SH:  0    Dex: 16    Spells: 3/3 levels left

rFire    . . .     SeeInvis .   b - +2 dagger (protect)
rCold    . . .     Faith    .   (shield restricted)
rNeg     . . .     Spirit   .   c - +0 leather armour
rPois    .         Reflect  .   e - +0 helmet
rElec    .         Harm     .   (no cloak)
rCorr    .         Rampage  .   (no gloves)
Will     .....                  (no boots)
Stlth    +++.......             (no amulet)
HPRegen  0.08/turn              (no ring)
MPRegen  0.09/turn              (no ring)

@: under a protective aura, wreathed by umbra
A: small, no large weapons, nightstalker 3
a: Renounce Religion, Shadow Step


You were on level 2 of the Dungeon.
You worshipped Dithmenos.
Dithmenos was pleased with you.
You visited 1 branch of the dungeon, and saw 2 of its levels.

You collected 111 gold pieces.

Inventory:

Hand Weapons
 a - a +1 hand crossbow
 b - a +2 dagger of protection (weapon)
Missiles
 d - 12 bolts
Armour
 c - a +0 leather armour (worn)
 e - a +0 helmet (worn)
Scrolls
 g - a scroll of teleportation {unknown}
 i - a scroll of identify {unknown}
 j - a scroll of fog {unknown}
 k - a scroll of magic mapping {unknown}
Potions
 f - a potion of curing {unknown}
 h - a potion of haste {unknown}


   Skills:
 + Level 2.2 Fighting
 * Level 0.6 Short Blades
 * Level 7.0 Crossbows
 + Level 2.4 Dodging
 + Level 1.6 Stealth


You had 3 spell levels left.
You didn't know any spells.
Your spell library was empty.

Dungeon Overview and Level Annotations

Branches:
Dungeon (2/15)

Altars:
Dithmenos

Annotations:
D:2 Robin


Innate Abilities, Weirdness & Mutations

You are small and have problems with some larger weapons.
You are completely attuned to the shadows.


Message History

The hobgoblin misses you.
A goblin comes into view. It is wielding a +0 dagger.
You hit the hobgoblin.
The hobgoblin is severely wounded.
The hobgoblin misses you.
Robin's horned helmet rattles.
You hit the hobgoblin.
You kill the hobgoblin!
Dithmenos accepts your kill. Robin throws the goblin at you!
The goblin hits you but does no damage.
You hit the goblin.
The goblin is heavily wounded.
The goblin no longer looks unusually strong.
The goblin misses you.
You hit the goblin.
You kill the goblin!
Dithmenos accepts your kill. Robin throws the goblin at you!
The goblin hits you with a +0 dagger. The frilled lizard closely misses you.
You hit the goblin.
The goblin is heavily wounded.
The goblin hits you with a +0 dagger. The frilled lizard barely misses you.
You hit the goblin.
You kill the goblin!
Dithmenos accepts your kill.
The frilled lizard unfolds its giant frill.
The frilled lizard barely misses you.
Okay, then.
You hit the frilled lizard.
You kill the frilled lizard!
Dithmenos accepts your kill.
Your Crossbows skill increases to level 7!
You barely miss Robin. Robin barely misses you.
You hit Robin but do no damage. Robin closely misses you.
You hit Robin.
Robin is lightly wounded.
Robin hits you with a +1 falchion of electrocution.
You are electrocuted!!
Ouch! That really hurt!
You die...

## #.... #.#
#.#### #.# # #.#
#.# # #.# #
#.#.(.##.# #
......##.# #
#.....##.# #
#g#...##.# #
#@#...##.# #
#)#gg.##.##### #
#.#gg........# #
#.#...####.### #
#...........# #
#####..#........#
#
.......#######..##
#
#####............#
##########.###


You could see Robin.

Vanquished Creatures
  2 adders (D:2)
  2 worms (D:2)
  5 ball pythons
  6 endoplasms
  3 giant cockroaches (D:1)
  12 goblins
  7 hobgoblins
  6 jackals (D:2)
  7 quokkas
  A bat (D:1)
  2 frilled lizards
  3 kobolds (D:1)
  A rat (D:2)
57 creatures vanquished.

Notes
Turn   | Place    | Note
-------+----------+-------------------------------------------
     0 | D:1      | hashsling the Kobold Hunter began the quest for the Orb.
     0 | D:1      | Reached XP level 1. HP: 12/12 MP: 1/1
    35 | D:1      | Reached skill level 5 in Crossbows
   131 | D:1      | Reached XP level 2. HP: 17/17 MP: 2/2
   592 | D:1      | Found a faded altar of an unknown god.
   601 | D:1      | Became a worshipper of Dithmenos the Shadowed
   601 | D:1      | Reached * piety under Dithmenos
   620 | D:1      | Reached XP level 3. HP: 21/21 MP: 3/3
   754 | D:1      | Reached skill level 6 in Crossbows
  1864 | D:2      | Reached XP level 4. HP: 21/26 MP: 4/4
  2895 | D:2      | Noticed Robin
  2904 | D:2      | Reached ** piety under Dithmenos
  2917 | D:2      | Reached skill level 7 in Crossbows
  2919 | D:2      | Slain by Robin

Illustrated notes

Levels and vault maps discovered:
D:1:      lemuel_arrival_room, layout_loops_ring, serial_rivers,
          chequers_serial_rivers_large_b, chequers_serial_rivers_micro_e,
          chequers_serial_rivers_micro_d, chequers_serial_rivers_marsh,
          basic_ecumenical_altar, minmay_quantized
D:2:      layout_basic, uniq_robin

Skill      XL: |  1  2  3  4 |
---------------+-------------+-----
Crossbows      | 5 6 7 |  7.0
Fighting       | |  2.2
Short Blades   | |  0.6
Dodging        | |  2.4
Stealth        | |  1.6

Action                   |  1- 3 |  4- 6 || total
-------------------------+-------+-------++-------
Melee: Short sword       |    18 |       ||    18
       Dagger            |    65 |    90 ||   155
 Fire: Hand crossbow     |    42 |     7 ||    49
 Stab: Sleeping          |     6 |       ||     6
Armor: Leather armour    |    19 |    24 ||    43
Dodge: Dodged            |    56 |    84 ||   140
